 Dungeon Crawl Stone Soup version 0.19.0-16-g73b5abf (webtiles) character file.

67 Chiseanne the Magician (level 4, 23/30 HPs)
             Began as a Demonspawn Wizard on Nov 10, 2016.
             Quit the game on level 3 of the Dungeon.
             The game lasted 00:03:37 (2774 turns).

Chiseanne the Magician (Demonspawn Wizard)          Turns: 2774, Time: 00:03:37

Health: 23/30      AC:  3    Str:  7    XL:     4   Next: 0%
Magic:  1/9        EV: 12    Int: 20    God:
Gold:   154        SH:  0    Dex: 12    Spells: 1 memorised, 9 levels left

rFire  . . .     SeeInvis .     a - +1 spear
rCold  . . .     Gourm    .     h - +0 robe
rNeg   . . .     Faith    .     (no shield)
rPois  +         Spirit   .     x - +1 hat
rElec  .         Reflect  .     (no cloak)
rCorr  .         Harm     .     (no gloves)
MR     .....                    (no boots)
Stlth  ++........               (no amulet)
                                v - ring of poison resistance
                                k - ring of wizardry

@: very slightly contaminated
A: hooves 1, demonic guardian 1, sanguine armour 1
a: no special abilities


You were on level 3 of the Dungeon.
You were hungry.

You visited 1 branch of the dungeon, and saw 3 of its levels.

You collected 154 gold pieces.

Inventory:

Hand Weapons
 a - a +1 spear (weapon)
Missiles
 i - 2 tomahawks (quivered)
 m - 84 stones
 n - 8 poisoned needles
 r - 22 bolts
Armour
 h - a +0 robe (worn)
 x - a +1 hat (worn)
Jewellery
 k - a ring of wizardry (left hand)
 v - a ring of poison resistance (right hand)
 y - an uncursed ring of flight
Scrolls
 g - a scroll of identify
Potions
 e - a potion of lignification {unknown}
 j - a potion of brilliance {unknown}
 l - a potion of invisibility {unknown}
 q - a potion of might
 t - a potion of cure mutation
 u - a potion of agility {unknown}
 z - 2 potions of curing {unknown}
Books
 c - a book of Minor Magic

   Spells                             Type                      Level
   a - Magic Dart                     Conjuration                  1
   b - Blink                          Translocation                2
   c - Call Imp                       Summoning                    2
   d - Repel Missiles                 Charms/Air                   2
   e - Slow                           Hexes                        2
   f - Conjure Flame                  Conjuration/Fire             3
   g - Mephitic Cloud                 Conjuration/Poison/Air       3
Comestibles
 d - a bread ration
 f - 3 royal jellies
 o - 4 fruits
 p - 2 meat rations
 s - a slice of pizza
 w - 2 beef jerkies


   Skills:
 - Level 1.7 Dodging
 - Level 1.7 Stealth
 * Level 3.9 Spellcasting
 * Level 2.6 Conjurations
   Level 1.0 Summonings
   Level 0.8 Translocations


You had 9 spell levels left.
You knew the following spells:

 Your Spells              Type           Power        Failure   Level  Hunger
a - Magic Dart            Conj           ##..         1%          1    None


Dungeon Overview and Level Annotations

Branches:
Dungeon (3/15)

Altars:


Innate Abilities, Weirdness & Mutations

You have large cloven feet.
A weak demonic guardian rushes to your aid.
When seriously injured, your bleeding wounds create armour. (AC +0)


Message History

Casting: Magic Dart
Confirm with . or Enter, or press ? or * to list all spells.
You don't have enough magic to cast that spell.
Casting: Magic Dart
Confirm with . or Enter, or press ? or * to list all spells.
You don't have enough magic to cast that spell.
You hit the orc.
You kill the orc!
You hit the orc.
The orc is heavily wounded.
The orc hits you but does no damage.
You hit the orc.
The orc is heavily wounded.
The orc closely misses you.
You hit the orc.
You kill the orc!
You have reached level 4!
You feel agile.
Your demonic ancestry asserts itself...
You feel the presence of a demonic guardian.
Are you sure you want to abandon this character and quit the game? (Confirm with "yes".)

...............
########..######
.. #..# #. #..#
#) #..#
#.#.####..#
#.#......##
######)######.#
.......@......#
###############


There were no monsters in sight!

Vanquished Creatures
  2 adders (D:2)
  An ooze (D:2)
  2 worms (D:2)
  3 orcs (D:3)
  3 bats
  2 giant cockroaches
  6 goblins
  3 hobgoblins
  2 ball pythons (D:2)
  6 frilled lizards
  4 kobolds
  7 rats
41 creatures vanquished.

Notes
Turn   | Place    | Note
-------+----------+-------------------------------------------
     0 | D:1      | Chiseanne the Demonspawn Wizard began the quest for the Orb.
     0 | D:1      | Reached XP level 1. HP: 13/13 MP: 4/4
   622 | D:1      | Gained mutation: When seriously injured, your bleeding wounds create armour. (AC +0) [demonic ancestry]
   622 | D:1      | Reached XP level 2. HP: 19/19 MP: 1/6
  1812 | D:2      | Gained mutation: You have large cloven feet. [demonic ancestry]
  1812 | D:2      | Reached XP level 3. HP: 22/24 MP: 1/8
  2586 | D:3      | Found a faded altar of an unknown god.
  2773 | D:3      | Gained mutation: A weak demonic guardian rushes to your aid. [demonic ancestry]
  2773 | D:3      | Reached XP level 4. HP: 22/30 MP: 1/9
  2774 | D:3      | Quit the game

Skill      XL: |  1  2 |
---------------+-------+-----
Conjurations   | 2 |  2.6
Dodging        | |  1.7
Stealth        | |  1.7
Spellcasting   | |  3.9
Summonings     | |  1.0
Translocations | |  0.8

Action                   |  1- 3 |  4- 6 || total
-------------------------+-------+-------++-------
Melee: Club              |     1 |       ||     1
       Unarmed           |     1 |       ||     1
       Spear             |    34 |       ||    34
       Kick              |     1 |       ||     1
 Cast: Magic Dart        |   109 |       ||   109
  Use: Scroll            |     9 |       ||     9
  Eat: Chunk             |     3 |       ||     3
       Royal jelly       |     1 |       ||     1
Armor: Robe              |    16 |       ||    16
Dodge: Dodged            |    31 |       ||    31
